AoeStats
← 赛博指挥官

Arabia

507977176Analyzed
1v1 RM · 11d ago on Sep 20, 2026· 22m 44s· 2 players
Game mode
Random Map
Map size
Tiny (2 player)
Population
200
Speed
Normal
Resources
Standard
Victory
Conquest
Starting age
Dark Age
Ending age
Imperial Age
RankedLock teamsTeams togetherTeam positionsShared explorationLock speedFull tech treeHidden civsTurbo modeCheats
Victory
Defeat
🇨🇳 Byzantines · China
1024
+16
🇿🇦 Franks · South Africa
1021
-16
SkyWard_12
7:23 Loom
9:45 Feudal Age
10:36 Double-Bit Axe
15:10 Wheelbarrow
19:03 Gold Mining
21:25 Castle Age
赛博指挥官
7:10 Loom
7:56 Loom
9:58 Feudal Age
11:15 Double-Bit Axe
12:48 Horse Collar
16:31 Gold Mining
21:10 Castle Age
20:37 Man-at-Arms
21:04 Arson
21:31 Stone Mining
22:28 Scale Barding Armor
22:35 Forging
Connection lost

Rejoining the realm…

Still unreachable

The connection could not be restored.

Session expired

The server has moved on; the page needs a fresh start.